 Dungeon Crawl Stone Soup version 0.16.1-51-g6203257 (webtiles) character file.

727 MrBigi the Covered (level 7, -2/62 HPs)
             Began as a Hill Orc Berserker on July 15, 2015.
             Was an Elder of Trog.
             Slain by a killer bee (5 damage)
             ... summoned by a shadow trap
             ... triggered by the player character
             ... on level 5 of the Dungeon.
             The game lasted 00:28:39 (5033 turns).

MrBigi the Covered (Hill Orc Berserker)             Turns: 5033, Time: 00:28:39

Health: -2/62      AC: 13    Str: 22    XL:     7   Next: 72%
Magic:  7/7        EV:  7    Int:  7    God:    Trog [****..]
Gold:   229        SH:  0    Dex: 10    Spells: 0 memorised, 6 levels left

rFire  . . .     SeeInvis .     g - +0 war axe
rCold  + . .     Clarity  .     p - +0 plate armour
rNeg   . . .     SustAb   .     (no shield)
rPois  .         Gourm    .     (no helmet)
rElec  .         Spirit   .     (no cloak)
rCorr  .         Warding  .     (no gloves)
rMut   .         Stasis   .     (no boots)
MR     .....                    (no amulet)
Stlth  ..........               (no ring)
                                z - ring of protection from cold

@: lethally poisoned (-2 -> -3), not resistant to hostile enchantments,
extremely unstealthy
A: no striking features
a: Burn Spellbooks, Berserk, Trog's Hand, Brothers in Arms, Renounce Religion


You were on level 5 of the Dungeon.
You worshipped Trog.
Trog was greatly pleased with you.
You were not hungry.

You visited 1 branch of the dungeon, and saw 5 of its levels.
You also visited: Sewer.

You collected 229 gold pieces.

Inventory:

Hand weapons
 a - a +0 hand axe
 g - a +0 war axe (weapon)
 i - a +0 dagger
 l - a +3 quarterstaff of chaos
 r - a cursed +0 flail
 u - a +0 hammer
 w - a +0 flail
 x - a cursed -3 spear
 y - a +0 whip
Armour
 b - a +0 animal skin
 e - a +0 leather armour
 n - a +0 scale mail
 p - a +0 plate armour (worn)
Jewellery
 z - a ring of protection from cold (left hand)
Magical devices
 h - a wand of disintegration (0)
 B - a wand of cold (8)
Scrolls
 k - 7 scrolls of identify {unknown}
 m - 4 scrolls of teleportation {unknown}
 o - 3 scrolls of enchant weapon {unknown}
 s - 2 scrolls of remove curse {unknown}
 v - a scroll of noise {unknown}
 C - a scroll of fog {unknown}
Potions
 q - a potion of cure mutation {unknown}
 t - a potion of haste {unknown}
Comestibles
 d - a bread ration
 f - a slice of pizza
 j - 2 fruits


   Skills:
 + Level 5.8 Fighting
 + Level 6.5 Axes
 * Level 7.1 Armour
 - Level 1.5 Dodging


You had 6 spell levels left.
You didn't know any spells.

Dungeon Overview and Level Annotations

Branches:
Dungeon (5/15)
 Temple: D:4-7

Altars:
Sif Muna
Vehumet
Yredelemnul


Message History

The jackal bites you but does no damage.
The killer bee stings you but does no damage.
The orc hits you but does no damage.
You feel sick. The killer bee closely misses you.
The crimson imp blinks!
The killer bee barely misses you.
The killer bee stings you but does no damage.
You feel sick.
The killer bee stings you but does no damage.
The killer bee stings you.
* * * LOW HITPOINT WARNING * * *
The killer bee completely misses you.
The killer bee stings you but does no damage.
You are feeling hungry.
You feel sick. The killer bee closely misses you.
The killer bee stings you but does no damage.
You see here a bread ration.
The killer bee stings you but does no damage. x2
Mmm...
Vegetable.
The killer bee stings you.
You die...

######## #o.....# #.####.#
#.# #.##########
###.####.y@........
#.....5.##############.#
#y#..>.................#
#.###†###########)####.#
#...o...^# #.# #.####
#####.##†########.####.....
#...y........).........
####.########....##....
#.########....##..##


You could see a killer bee and a crimson imp.

Vanquished Creatures
  The ghost of MrBigi the Bolt Thrower, an average CeHu (D:4)
  Purgy (Sewer)
  A centaur (D:5)
  A quasit (D:5)
  2 giant frog zombies (D:5)
  Crazy Yiuf (D:3)
  An orc wizard (D:4)
  2 worker ants (D:5)
  Ijyb (D:3)
  Terence (D:2)
  A mummy (D:4)
  4 gnolls
  11 adders
  4 giant mites (D:3)
  3 worms
  5 giant geckos
  16 orcs
  3 giant cockroaches
  10 goblins
  12 hobgoblins
  7 kobolds
  A quokka (D:4)
  13 bats
  2 giant newts
  A hobgoblin zombie (D:4)
  10 jackals
  A jackal skeleton (D:4)
  2 kobold zombies (D:4)
  An orc zombie (D:4)
  7 rats
126 creatures vanquished.

Notes
Turn   | Place    | Note
--------------------------------------------------------------
     0 | D:1      | MrBigi, the Hill Orc Berserker, began the quest for the Orb.
     0 | D:1      | Reached XP level 1. HP: 19/19 MP: 1/1
   128 | D:1      | Reached XP level 2. HP: 10/27 MP: 2/2
   849 | D:1      | Reached XP level 3. HP: 24/33 MP: 3/3
  1022 | D:2      | Found a radiant altar of Vehumet.
  1311 | D:2      | Acquired Trog's second power
  1326 | D:2      | Reached XP level 4. HP: 32/40 MP: 4/4
  1336 | D:2      | Noticed Terence
  1371 | D:2      | Killed Terence
  1874 | D:2      | Reached XP level 5. HP: 35/47 MP: 5/5
  2160 | D:3      | Found a glowing drain.
  2219 | D:3      | Reached skill level 5 in Axes
  2468 | D:3      | Noticed Ijyb
  2482 | D:3      | Reached skill level 5 in Armour
  2484 | D:3      | Killed Ijyb
  2704 | Sewer    | Entered a sewer
  2714 | Sewer    | Reached XP level 6. HP: 53/53 MP: 6/6
  2839 | Sewer    | Noticed Purgy
  2862 | Sewer    | Killed Purgy
  2862 | Sewer    | Reached skill level 5 in Fighting
  3035 | D:3      | Noticed Crazy Yiuf
  3050 | D:3      | Killed Crazy Yiuf
  3082 | D:3      | HP: 2/56 [poisoned by Crazy Yiuf]
  3090 | D:3      | HP: 2/56 [poisoned by Crazy Yiuf]
  3771 | D:4      | Noticed MrBigi's ghost (average CeHu)
  3799 | D:4      | Killed MrBigi's ghost
  3799 | D:4      | Reached skill level 6 in Axes
  3799 | D:4      | Reached XP level 7. HP: 27/61 MP: 7/7
  4254 | D:4      | Found a basalt altar of Yredelemnul.
  4582 | D:5      | Entered Level 5 of the Dungeon
  4737 | D:5      | Acquired Trog's third power
  4755 | D:5      | Found a deep blue altar of Sif Muna.
  4989 | D:5      | Reached skill level 7 in Armour
  5027 | D:5      | HP: 3/62 [killer bee[the player character] (4)]
  5033 | D:5      | Slain by a killer bee

Action                   |  1- 3 |  4- 6 |  7- 9 || total
-------------------------+-------+-------+-------++-------
Melee: Hand axe          |   135 |   369 |    49 ||   553
       War axe           |       |       |    96 ||    96
  Use: Potion            |       |     3 |     2 ||     5
       Scroll            |       |       |     1 ||     1
  Eat: Chunk             |     1 |       |     1 ||     2
       Meat ration       |       |     1 |       ||     1
       Bread ration      |       |     1 |       ||     1
       Fruit             |       |     1 |       ||     1
       Pizza             |       |       |     1 ||     1
       Beef jerky        |       |       |     1 ||     1
